 Dungeon Crawl Stone Soup version 0.28-a0-1038-g9c4cb8273d (webtiles) character file.

Game seed: 15212972729576589488

6 ytrimaz the Insei (level 1, 0/13 HPs)
             Began as an Octopode Transmuter on Dec 8, 2021.
             Slain by a giant cockroach (1 damage)
             ... on level 1 of the Dungeon.
             The game lasted 00:00:14 (93 turns).

ytrimaz the Insei (Octopode Transmuter)               Turns: 93, Time: 00:00:15

Health: 0/13       AC:  1    Str:  9    XL:     1   Next: 90%
Magic:  3/3        EV: 13    Int: 15    God:
Gold:   0          SH:  0    Dex: 12    Spells: 3/4 levels left

rFire   . . .      SeeInvis .     - Unarmed
rCold   . . .      Faith    .   (no shield)
rNeg    . . .      Spirit   .   (helmet restricted)
rPois   .          Reflect  .   (no amulet)
rElec   .          Harm     .   (no ring)
rCorr   .          Rampage  .   (no ring)
Will    .....                   (no ring)
Stlth   ++........              (no ring)
HPRegen 0.04/turn               (no ring)
MPRegen 0.08/turn               (no ring)
                                (no ring)
                                (no ring)

@: no status effects
A: almost no armour, amphibious, 8 rings, camouflage 1, gelatinous body 1,
(nimble swimmer 1), tentacles
a: no special abilities


You were on level 1 of the Dungeon.
You visited 1 branch of the dungeon, and saw 1 of its levels.

Inventory:

Potions
 a - a potion of heal wounds {unknown}
 b - a potion of mutation {unknown}


   Skills:
 - Level 1.0 Fighting
 * Level 2.1 Dodging
 + Level 3.1 Unarmed Combat
 * Level 2.1 Spellcasting
 * Level 2.1 Transmutations


You had 3 spell levels left.
You knew the following spells:

 Your Spells              Type           Power      Damage    Failure   Level
a - Beastly Appendage     Tmut           14%        N/A       10%         1

Your spell library contained the following spells:

 Spells                   Type           Power      Damage    Failure   Level
 Wereblood                Tmut           7%         N/A       14%         2
 Spider Form              Tmut/Pois      4%         N/A       41%         3
 Ice Form                 Ice/Tmut       4%         N/A       82%         4


Dungeon Overview and Level Annotations

Branches:
Dungeon (1/15)

Altars:


Innate Abilities, Weirdness & Mutations

You cannot wear most types of armour.
You are amphibious.
You can wear up to eight rings at the same time.
Your skin changes colour to match your surroundings (Stealth+).
Your rubbery body absorbs attacks. (AC +1, EV +1)
((You are camouflaged near water. (Stealth+)))
You have tentacles for arms and can constrict up to eight enemies at once.


Message History

You tentacle-slap the kobold.
You kill the kobold!
A giant cockroach comes into view.
The quokka bites you.
You barely miss the quokka. You grab the quokka. You constrict the quokka.
The goblin misses you. The quokka barely misses you.
You tentacle-slap the quokka but do no damage.
The quokka is moderately wounded.
You constrict the quokka. The goblin hits you with a +0 dagger.
The quokka misses you.
You completely miss the quokka.
The quokka is heavily wounded.
You constrict the quokka, but do no damage.
The goblin hits you with a +0 dagger. The quokka misses you.
There are monsters nearby!
There are monsters nearby!
There are monsters nearby!
You are too injured to fight recklessly!
Unknown command.
You tentacle-slap the goblin. You grab the goblin.
The goblin is almost dead.
You constrict the quokka. You constrict the goblin.
You kill the goblin!
The quokka misses you.
Unknown command.
You release your grip on the quokka.
The giant cockroach bites you but does no damage.
The quokka bites you.
* * * LOW HITPOINT WARNING * * *
The giant cockroach bites you but does no damage.
You see here a +0 dagger.
Unknown command.
You tentacle-slap the quokka.
You kill the quokka!
The giant cockroach bites you.
* * * LOW HITPOINT WARNING * * *
You barely miss the giant cockroach. You grab the giant cockroach.
You constrict the giant cockroach, but do no damage.
The giant cockroach bites you.
You die...

##.....## ##
##.......##.. .#
#........... ...
#.........#
#.##.........##.
###..............
.................
.....
.......†@B...(..
.....
###.........###
..... #.).......#
...# ## #.........#
...# ....#.........#
...# #..........##
...# ###........#
...# #........# ...#
#..........#########


You could see a giant cockroach.

Vanquished Creatures
  A goblin (D:1)
  A hobgoblin (D:1)
  A quokka (D:1)
  A frilled lizard (D:1)
  A kobold (D:1)
  A rat (D:1)
6 creatures vanquished.

Notes
Turn   | Place    | Note
-------+----------+-------------------------------------------
     0 | D:1      | ytrimaz the Octopode Transmuter began the quest for the
                  | Orb.
     0 | D:1      | Reached XP level 1. HP: 13/13 MP: 3/3
    36 | D:1      | Found a faded altar of an unknown god.
    93 | D:1      | Slain by a giant cockroach

Illustrated notes

Levels and vault maps discovered:
D:1:      amcnicky_arrival_abandoned_market, layout_rooms,
          hellmonk_ecumenical_altar_lost_god, minmay_misc_feat_columns,
          st_stairs_9, chequers_serial_rivers_marsh

Action                   || total
-------------------------++-------
Melee: Unarmed           ||    11
       Constrict         ||     5
       Tentacles         ||     1
  Use: Scroll            ||     2
Armor: Skin              ||     2
Dodge: Dodged            ||     8

Table legend: (Time is in decaauts)
 A = Elapsed time spent in this place.
 B = Non-inter-level travel time spent in this place.
 C = Inter-level travel time spent in this place.
 D = Time resting spent in this place.
 E = Time spent auto-exploring this place.
 F = Levels seen in this place.
 G = Mean time per level.
                   A        B        C        D        E       F      G
               +--------+--------+--------+--------+--------+-----+--------+
         Total |     92 |     92 |      0 |      0 |     50 |   1 |   92.0 |
       Dungeon |     92 |     92 |      0 |      0 |     50 |   1 |   92.0 |
               +--------+--------+--------+--------+--------+-----+--------+

Top non-repeatable levels by time:
     D:1: 92 daAuts
